 Dungeon Crawl Stone Soup version 0.29-a0-322-g68df515428 (webtiles) character file.

Game seed: 15190729370026225325

46 Ijustatesigmund the Firebug (level 3, -1/19 HPs)
             Began as a Deep Elf Fire Elementalist on Apr 8, 2022.
             Slain by Terence
             ... wielding a +0 flail
              (11 damage)
             ... on level 2 of the Dungeon.
             The game lasted 00:02:04 (1702 turns).

Ijustatesigmund the Firebug (DEFE)                  Turns: 1702, Time: 00:02:05

Health: -1/19      AC:  2    Str:  5    XL:     3   Next: 44%
Magic:  6/10       EV: 12    Int: 21    God:
Gold:   73         SH:  0    Dex: 15    Spells: 6/9 levels left

rFire   . . .      SeeInvis .   h - +0 hand axe
rCold   . . .      Faith    .   (no shield)
rNeg    . . .      Spirit   .   a - +0 robe
rPois   .          Reflect  .   (no helmet)
rElec   .          Harm     .   (no cloak)
rCorr   .          Rampage  .   (no gloves)
Will    .....                   (no boots)
Stlth   ++........              (no amulet)
HPRegen 0.06/turn               (no ring)
MPRegen 0.12/turn               (no ring)

@: no status effects
A: no striking features
a: no special abilities


You were on level 2 of the Dungeon.
You visited 1 branch of the dungeon, and saw 2 of its levels.

You collected 73 gold pieces.

Inventory:

Hand Weapons
 h - a +0 hand axe (weapon)
Armour
 a - a +0 robe (worn)
Jewellery
 e - a +6 ring of strength
Scrolls
 d - 3 scrolls of enchant armour {unknown}
 f - 2 scrolls of teleportation {unknown}
 g - 2 scrolls of identify {unknown}
Potions
 b - a potion of magic
 c - 3 potions of heal wounds {unknown}


   Skills:
 - Level 2.4 Dodging
 - Level 2.4 Stealth
 + Level 3.5 Spellcasting
 * Level 2.5 Conjurations
 * Level 4.1 Fire Magic


You had 6 spell levels left.
You knew the following spells:

 Your Spells              Type           Power      Damage    Failure   Level
a - Foxfire               Conj/Fire      68%        2x1d7     3%          1
b - Scorch                Fire           40%        2d7       3%          2

Your spell library contained the following spells:

 Spells                   Type           Power      Damage    Failure   Level
 Conjure Flame            Conj/Fire      17%        6-21      10%         3
 Beastly Appendage        Tmut           6%         N/A       13%         1
 Inner Flame              Hex/Fire       12%        N/A       16%         3
 Wereblood                Tmut           3%         N/A       19%         2
 Flame Wave               Conj/Fire      17%        2d6       32%         4
 Spider Form              Tmut/Pois      3%         N/A       36%         3


Dungeon Overview and Level Annotations

Branches:
Dungeon (2/15)

Altars:

Annotations:
D:2 Terence


Message History

You now have 73 gold pieces (gained 7).
Terence the Incautious comes into view.
He is wielding a +0 flail and wearing a +2 scale mail of cold resistance.
Casting: Foxfire (safe; 3% risk of failure)
Confirm with . or Enter, or press ? or * to list all spells.
You conjure some foxfire!
The foxfire hits Terence but does no damage.
Terence shouts!
Your foxfire dissipates!
Casting: Foxfire (safe; 3% risk of failure)
Confirm with . or Enter, or press ? or * to list all spells.
You conjure some foxfire!
The foxfire hits Terence.
Terence is lightly wounded.
Casting: Foxfire (safe; 3% risk of failure)
Confirm with . or Enter, or press ? or * to list all spells.
You conjure some foxfire!
The foxfire hits Terence but does no damage.
Terence is lightly wounded.
The foxfire hits Terence but does no damage.
Terence is lightly wounded.
The foxfire hits Terence.
Terence is moderately wounded.
Terence drinks a potion.
Terence flickers and vanishes!
Deactivating autopickup; reactivate with Ctrl-A.
Casting: Foxfire (safe; 3% risk of failure)
Confirm with . or Enter, or press ? or * to list all spells.
You can't see any susceptible monsters within range! (Use Z to cast anyway.) Unknown command.
Casting: Foxfire (safe; 3% risk of failure)
Confirm with . or Enter, or press ? or * to list all spells.
You conjure some foxfire!
The foxfire hits something but does no damage.
The foxfire hits something.
Casting: Foxfire (safe; 3% risk of failure)
Confirm with . or Enter, or press ? or * to list all spells.
You conjure some foxfire!
Something hits you!
The foxfire hits something but does no damage. x2
Something hits you!
Ouch! That really hurt!
You die...

......# #.....# #.....#
########.....#
#............#
#............#
#.########............#####
..........@§............<..
#.########.§..........####.
#.......###### #.......#
#.......# #.......#
#.......# ##.###### #.


There were no monsters in sight!

Vanquished Creatures
  2 dart slugs (D:1)
  5 endoplasms (D:1)
  2 giant cockroaches
  8 hobgoblins (D:1)
  4 jackals (D:1)
  A kobold (D:1)
  2 quokkas (D:1)
  7 bats (D:1)
  A frilled lizard (D:1)
  3 rats (D:1)
35 creatures vanquished.

Vanquished Creatures (others)
  114 foxfires
114 creatures vanquished.

Grand Total: 149 creatures vanquished

Notes
Turn   | Place    | Note
-------+----------+-------------------------------------------
     0 | D:1      | Ijustatesigmund the Deep Elf Fire Elementalist began the
                  | quest for the Orb.
     0 | D:1      | Reached XP level 1. HP: 10/10 MP: 6/6
   164 | D:1      | Reached XP level 2. HP: 15/15 MP: 2/8
   167 | D:1      | Learned a level 2 spell: Scorch
  1112 | D:1      | Found a faded altar of an unknown god.
  1146 | D:1      | Reached XP level 3. HP: 18/19 MP: 7/9
  1329 | D:1      | Reached skill level 4 in Fire Magic
  1688 | D:2      | Noticed Terence
  1702 | D:2      | Slain by Terence

Illustrated notes

Levels and vault maps discovered:
D:1:      dpeg_arrival_prison, layout_basic,
          shapermc_ecumenical_altar_totnotflames
D:2:      cheibrodos_pilgrimage, layout_basic, uniq_terence

Skill      XL: |  1  2  3 |
---------------+----------+-----
Conjurations   | 2 |  2.5
Fire Magic     | 4 |  4.1
Dodging        | |  2.4
Stealth        | |  2.4
Spellcasting   | |  3.5

Action                   || total
-------------------------++-------
 Cast: Foxfire           ||    69
Armor: Robe              ||     6
Dodge: Dodged            ||     9

Table legend: (Time is in decaauts)
 A = Elapsed time spent in this place.
 B = Non-inter-level travel time spent in this place.
 C = Inter-level travel time spent in this place.
 D = Time resting spent in this place.
 E = Time spent auto-exploring this place.
 F = Levels seen in this place.
 G = Mean time per level.
                   A        B        C        D        E       F      G
               +--------+--------+--------+--------+--------+-----+--------+
         Total |   1701 |   1653 |     48 |    575 |    864 |   2 |  850.5 |
       Dungeon |   1701 |   1653 |     48 |    575 |    864 |   2 |  850.5 |
               +--------+--------+--------+--------+--------+-----+--------+

Top non-repeatable levels by time:
     D:1: 1651 daAuts
     D:2: 50 daAuts
